 Dungeon Crawl Stone Soup version 0.23.2-40-g277498a001 (webtiles) character file.

Game seed: 2651595190107960736

1018 Amplified the Ruffian (level 8, -3/80 HPs)
             Began as a Troll Chaos Knight on Oct 17, 2019.
             Was a Plaything of Xom.
             Slain by a killer bee (6 damage)
             ... on level 8 of the Dungeon.
             The game lasted 00:04:19 (4137 turns).

Amplified the Ruffian (Troll Chaos Knight)          Turns: 4137, Time: 00:04:20

Health: -3/80      AC:  8    Str: 25    XL:     8   Next: 2%
Magic:  7/7        EV: 11    Int: 13    God:    Xom [...*..]
Gold:   286        SH:  0    Dex:  9    Spells: 7/7 levels left

rFire    . . .     SeeInvis .     - Unarmed
rCold    . . .     Gourm    +   (no shield)
rNeg     . . .     Faith    .   a - +2 robe
rPois    .         Spirit   .   (helmet restricted)
rElec    .         Reflect  .   (no cloak)
rCorr    .         Harm     .   (gloves unavailable)
MR       .....                  (boots unavailable)
Stlth    +.........             (no amulet)
HPRegen  0.63/turn              d - ring of flight
MPRegen  0.10/turn              (no ring)

@: brilliant, lethally poisoned (-3 -> -8), about to teleport
A: large, unfitting armour, antennae 1, claws 3, fast metabolism 3, gourmand,
regeneration 1, shaggy fur 1, strong 1, tough skin 3, evolution 1
a: Renounce Religion, Evoke Flight


You were on level 8 of the Dungeon.
You worshipped Xom.
You were a favourite toy of Xom.
You were not hungry.

You visited 2 branches of the dungeon, and saw 11 of its levels.

You collected 286 gold pieces.

Inventory:

Missiles
 l - 3 curare-tipped needles
Armour
 a - a +2 robe (worn)
Magical Staves
 n - an uncursed staff of wizardry {unknown}
Jewellery
 d - a ring of flight (left claw)
Wands
 g - a wand of iceblast (8)
 i - a wand of flame (20)
 p - a wand of disintegration (15)
 s - a wand of polymorph (10)
Scrolls
 j - a scroll of amnesia
 o - 3 scrolls of remove curse
 q - 2 scrolls of teleportation
 t - 2 scrolls of identify
Potions
 c - 2 potions of heal wounds
 e - 3 potions of magic
 f - 3 potions of curing
 h - a potion of brilliance {unknown}
 k - 2 potions of mutation
 m - a potion of flight
 r - 2 potions of agility {unknown}
 u - a potion of might
Comestibles
 b - 7 rations


   Skills:
 * Level 5.0 Fighting
 * Level 4.8 Dodging
 * Level 6.1 Unarmed Combat


You had 7 spell levels left.
You didn't know any spells.
Your spell library was empty.

Dungeon Overview and Level Annotations

Branches:
Dungeon (10/15)            Temple (1/1) D:4
   Lair: D:8-11         Orc: D:9-12

Altars:
Ashenzari
Cheibriados
Dithmenos
Elyvilon
Fedhas
Gozag
Hepliaklqana
Kikubaaqudgha
Makhleb
Nemelex Xobeh
Okawaru
Qazlal
Ru
Sif Muna
Uskayaw
Vehumet
Wu Jian
Xom
Yredelemnul
Zin
The Shining One

Annotations:
D:4 1 runed translucent door, Turgon's ghost, amateur OpFi


Innate Abilities, Weirdness & Mutations

You are too large for most types of armour.
You have claws for hands.
Your metabolism is lightning-fast.
You like to eat raw meat.
Your natural rate of healing is unusually fast.
You are covered in fur. (AC +1)
You have extremely tough skin. (AC +3)
You have a pair of small antennae on your head.
Your muscles are strong. (Str +2)
You evolve.


Message History

You are more poisoned.
The killer bee poisons you! The killer bee stings you.
* * * LOW HITPOINT WARNING * * *
You are more poisoned.
The killer bee poisons you!
Something barely misses your crimson imp.
As you read the scroll of teleportation, it crumbles to dust.
You feel strangely unstable.
You feel sick. The killer bee stings you.
* * * LOW HITPOINT WARNING * * *
The killer bee stings you.
* * * LOW HITPOINT WARNING * * *
The killer bee barely misses you. The killer bee stings you.
* * * LOW HITPOINT WARNING * * *
The killer bee stings you.
* * * LOW HITPOINT WARNING * * *
The killer bee closely misses you. The killer bee stings you!
* * * LOW HITPOINT WARNING * * *
The killer bee stings you.
You die...
Xom is highly amused!

#.... ....
##... #...
##..#
######...#
###.....y.##
###......Zy@.#
#.........yy.#
....$....yH..##
.......>.O....#
...?...5......#
.....§....÷...#
.......5......#
.......a(.....#
..............#


You could see a hippogriff, an ogre, a worker ant, 5 killer bees, a bullfrog
skeleton, a friendly iron imp and a friendly crimson imp.

Vanquished Creatures
  An ogre (D:8)
  A phantom (D:6)
  A centaur (D:5)
  A scorpion (D:5)
  A killer bee (D:8)
  3 wights (D:7)
  A howler monkey (D:8)
  A crimson imp (D:5)
  2 hounds
  An orc priest (D:7)
  2 bullfrog skeletons
  An orc wizard (D:9)
  2 worker ants
  A hound zombie (D:6)
  Robin (D:3)
  3 worker ant zombies
  12 adders
  A shadow imp (D:7)
  An adder zombie (D:7)
  An adder skeleton (D:6)
  2 dart slugs
  3 leopard geckos
  13 orcs
  2 bats
  3 giant cockroaches (D:1)
  9 goblins
  10 hobgoblins
  2 quokkas
  A ball python (D:6)
  10 frilled lizards
  A giant cockroach zombie (D:6)
  5 kobolds
  A quokka skeleton (D:6)
  12 rats
112 creatures vanquished.

Vanquished Creatures (collateral kills)
  2 howler monkeys (D:8)
2 creatures vanquished.

Vanquished Creatures (others)
  A withered plant (D:4)
1 creature vanquished.

Grand Total: 115 creatures vanquished

Notes
Turn   | Place    | Note
-------+----------+-------------------------------------------
     0 | D:1      | Amplified the Troll Chaos Knight began the quest for the
                  | Orb.
     0 | D:1      | Reached XP level 1. HP: 22/22 MP: 0/0
    73 | D:1      | XOM: divination: detect creatures
   109 | D:1      | XOM: divination: detect items
   125 | D:1      | Reached XP level 2. HP: 29/29 MP: 1/1
   230 | D:1      | XOM: divination: detect creatures
   702 | D:1      | XOM: mild Erth miscast
   752 | D:2      | Reached XP level 3. HP: 35/36 MP: 2/2
   873 | D:2      | XOM: silly message
  1037 | D:3      | Reached XP level 4. HP: 45/45 MP: 3/3
  1068 | D:3      | XOM is BORED!
  1068 | D:3      | XOM: medium Erth miscast
  1341 | D:3      | XOM: give mutations
  1341 | D:3      | Gained mutation: You are dopey. (Int -2) [Xom's mischief]
  1341 | D:3      | Gained mutation: You are frail. (-10% HP) [Xom's mischief]
  1408 | D:3      | XOM: mild Conj miscast
  1426 | D:3      | Reached skill level 4 in Unarmed Combat
  1576 | D:3      | Noticed Robin
  1588 | D:3      | Killed Robin
  1588 | D:3      | Reached XP level 5. HP: 47/47 MP: 4/4
  1902 | D:3      | XOM: mild Tmut miscast
  2111 | D:4      | XOM: god gift: gnarled glowing staff {god gift}
  2334 | D:4      | Found a runed translucent door.
  2334 | D:4      | Noticed Turgon's ghost (amateur OpFi)
  2351 | D:4      | XOM: snakes to sticks
  2536 | D:4      | Found a staircase to the Ecumenical Temple.
  2796 | Temple   | Entered the Ecumenical Temple
  3040 | D:5      | Entered Level 5 of the Dungeon
  3140 | D:5      | Reached XP level 6. HP: 55/55 MP: 5/5
  3270 | D:5      | XOM: potion effect (invisibility)
  3289 | D:5      | Lost mutation: You are frail. (-10% HP) [potion of
                  | mutation]
  3289 | D:5      | Lost mutation: You are dopey. (Int -2) [potion of mutation]
  3289 | D:5      | Gained mutation: You evolve. [potion of mutation]
  3289 | D:5      | Gained mutation: You have a pair of small antennae on your
                  | head. [potion of mutation]
  3289 | D:5      | Gained mutation: Your muscles are strong. (Str +2) [potion
                  | of mutation]
  3289 | D:5      | XOM: harmless Necr miscast
  3399 | D:5      | Reached skill level 5 in Unarmed Combat
  3751 | D:6      | XOM: cast spell 'Cause Fear'
  3771 | D:6      | Reached XP level 7. HP: 55/71 MP: 6/6
  3961 | D:7      | XOM: confuse monster(s)
  4060 | D:7      | You fall through a shaft for 3 floors!
  4060 | D:10     | XOM: stealth player
  4060 | D:10     | Entered Level 10 of the Dungeon
  4061 | D:10     | Noticed an orc knight
  4111 | D:8      | XOM: summons 7 friendly demons
  4117 | D:8      | Reached skill level 6 in Unarmed Combat
  4123 | D:8      | Noticed a hippogriff
  4123 | D:8      | Reached skill level 5 in Fighting
  4128 | D:8      | Reached XP level 8. HP: 55/80 MP: 7/7
  4132 | D:8      | XOM: potion effect (brilliance)
  4137 | D:8      | HP: 3/80 [killer bee (7)]
  4137 | D:8      | Slain by a killer bee

Skill      XL: |  1  2  3  4  5  6  7 |
---------------+----------------------+-----
Dodging        | 2 3 4 |  4.8
Fighting       | 3 4 5 |  5.0
Unarmed Combat | 4 5 6 |  6.1

Action                   |  1- 3 |  4- 6 |  7- 9 || total
-------------------------+-------+-------+-------++-------
Melee: Unarmed           |    93 |   190 |    64 ||   347
       Punch             |       |     1 |     1 ||     2
  Use: Scroll            |       |    10 |     1 ||    11
       Potion            |       |     2 |     2 ||     4
 Stab: Sleeping          |     3 |     1 |       ||     4
       Invisible         |       |     1 |       ||     1
  Eat: Chunk             |     8 |    23 |     4 ||    35
       Ration            |       |     1 |       ||     1
Armor: Robe              |    43 |    53 |    19 ||   115
Dodge: Dodged            |    54 |    84 |    41 ||   179
